 Dungeon Crawl Stone Soup version 0.18.1-48-g4cf74bf (webtiles) character file.

1355 MTVSty1e the Shield-Bearer (level 8, -2/65 HPs)
             Began as a Formicid Fighter on Aug 7, 2016.
             Was a Follower of Okawaru.
             Slain by Prince Ribbit (5 damage)
             ... on level 6 of the Dungeon.
             The game lasted 00:13:31 (5431 turns).

MTVSty1e the Shield-Bearer (Formicid Fighter)       Turns: 5431, Time: 00:13:31

Health: -2/65      AC:  9    Str: 22    XL:     8   Next: 95%
Magic:  8/8        EV:  5    Int:  9    God:    Okawaru [*.....]
Gold:   315        SH: 10    Dex: 10    Spells: 0 memorised, 7 levels left

rFire  . . .     SeeInvis +     a - +0 war axe
rCold  . . .     Gourm    .     b - +0 scale mail
rNeg   . . .     Faith    .     c - +0 shield
rPois  .         Spirit   .     (helmet unavailable)
rElec  .         Dismiss  .     (no cloak)
rCorr  .         Reflect  .     p - +1 pair of gloves
SustAt .         Harm     .     (no boots)
MR     .....                    (no amulet)
Stlth  ..........               (no ring)
                                (no ring)

@: not resistant to hostile enchantments, extremely unstealthy
A: permanent stasis, dig shafts and tunnels, four strong arms, antennae 3
a: Dig, Shaft Self, Heroism, Renounce Religion


You were on level 6 of the Dungeon.
You worshipped Okawaru.
Okawaru was aware of your devotion.
You were not hungry.

You visited 1 branch of the dungeon, and saw 6 of its levels.

You collected 315 gold pieces.

Inventory:

Hand Weapons
 a - a +0 war axe (weapon)
Missiles
 t - 5 silver javelins (quivered)
Armour
 b - a +0 scale mail (worn)
 c - a +0 shield (worn)
 p - a +1 pair of gloves (worn)
Scrolls
 f - 2 scrolls of enchant armour
 h - 6 scrolls of identify
 m - 3 scrolls of remove curse
 q - 2 scrolls of amnesia
 r - a scroll of fog
Potions
 e - 2 potions of curing
 g - a potion of degeneration {unknown}
 i - a potion of agility
 j - a potion of haste {unknown}
 n - a potion of magic {unknown}
 o - a potion of flight {unknown}
 u - 3 potions of resistance {unknown}
Comestibles
 d - 2 slices of pizza
 k - a beef jerky
 l - 6 fruits
 s - 2 bread rations


   Skills:
 * Level 6.6 Fighting
 + Level 4.6 Axes
 + Level 5.3 Armour
 + Level 3.4 Dodging
 + Level 1.1 Stealth
 + Level 7.1 Shields


You had 7 spell levels left.
You didn't know any spells.

Dungeon Overview and Level Annotations

Branches:
Dungeon (6/15)
 Temple: D:4-7

Altars:
Dithmenos
Elyvilon
Gozag
Okawaru
Pakellas
Vehumet
Yredelemnul

Shops:
D:3 }   D:5 *

Annotations:
D:6 Prince Ribbit


Innate Abilities, Weirdness & Mutations

You are under a permanent stasis effect.
You can dig through walls and to a lower floor.
Your four strong arms can wield two-handed weapons with a shield.
You have a pair of large antennae on your head (SInv).


Message History

Prince Ribbit hits you but does no damage.
You miss Prince Ribbit.
Prince Ribbit is severely wounded.
Prince Ribbit blinks!
Prince Ribbit hops awkwardly around.
Prince Ribbit hits you.
You miss Prince Ribbit.
Prince Ribbit is heavily wounded.
Prince Ribbit hits you!
* * * LOW HITPOINT WARNING * * *
Prince Ribbit hits you.
* * * LOW HITPOINT WARNING * * *
You are too injured to fight recklessly!
Drink which item? (? for menu, Esc to quit)
Okay, then.
Prince Ribbit hops awkwardly around.
You block Prince Ribbit's attack.
There is a stone staircase leading up here.
Prince Ribbit hits you.
You die...

####+ ..#
#?.#.###+###..##
#..............#
#.....%........#
#..............#
#..............#
#..............#
## #..@...#
.#...##.F....#
.............#
.............#
.............#
.............#
#....#########
#.... #....


You could see Prince Ribbit.

Vanquished Creatures
  Eustachio (D:5)
  Edmund (D:4)
  2 ice beasts
  An orc warrior (D:5)
  A phantom (D:5)
  A giant frog (D:5)
  A crimson imp (D:5)
  A howler monkey (D:4)
  2 giant frog skeletons (D:5)
  2 orc priests
  2 orc wizards
  Natasha (thrice) (D:2)
  3 worker ants
  A hound zombie (D:5)
  3 gnolls (D:3)
  6 adders
  A shadow imp (D:5)
  3 oozes
  An adder zombie (D:5)
  3 adder skeletons
  5 worms
  13 dart slugs
  7 giant geckos
  19 orcs
  4 giant cockroaches
  7 goblins
  7 hobgoblins
  A quokka (D:2)
  3 ball pythons
  5 bats
  5 giant newts
  A jackal skeleton (D:4)
  6 kobolds
  3 rats
125 creatures vanquished.

Notes
Turn   | Place    | Note
--------------------------------------------------------------
     0 | D:1      | MTVSty1e the Formicid Fighter began the quest for the Orb.
     0 | D:1      | Reached XP level 1. HP: 18/18 MP: 1/1
   164 | D:1      | Reached XP level 2. HP: 24/24 MP: 2/2
   626 | D:1      | Reached XP level 3. HP: 28/29 MP: 3/3
   831 | D:1      | Reached skill level 4 in Shields
   891 | D:2      | Found a radiant altar of Vehumet.
   894 | D:2      | Noticed Natasha
   903 | D:2      | Killed Natasha
   903 | D:2      | Reached XP level 4. HP: 32/37 MP: 4/4
   919 | D:2      | Found a shadowy altar of Dithmenos.
  1291 | D:2      | Noticed Natasha
  1297 | D:2      | Killed Natasha
  1297 | D:2      | Reached skill level 1 in Dodging
  1297 | D:2      | Reached XP level 5. HP: 42/42 MP: 5/5
  1381 | D:2      | Noticed Natasha
  1385 | D:2      | Killed Natasha
  1683 | D:3      | Found a white marble altar of Elyvilon.
  1790 | D:3      | Found a basalt altar of Yredelemnul.
  1848 | D:3      | Noticed an ice beast
  1868 | D:3      | Killed an ice beast
  1868 | D:3      | Reached XP level 6. HP: 39/49 MP: 6/6
  1871 | D:3      | Reached skill level 5 in Shields
  2259 | D:3      | Found an oddly glowing altar of Pakellas.
  2259 | D:3      | Found Pakellas's Prime Provisions.
  2380 | D:3      | Found an iron altar of Okawaru.
  2405 | D:3      | Became a worshipper of Warmaster Okawaru
  3113 | D:4      | Reached skill level 5 in Fighting
  3113 | D:4      | Reached XP level 7. HP: 30/56 MP: 7/7
  3533 | D:4      | Reached skill level 1 in Stealth
  3673 | D:4      | Noticed Edmund
  3701 | D:4      | Killed Edmund
  3701 | D:4      | Reached skill level 6 in Shields
  3779 | D:4      | Reached XP level 8. HP: 39/63 MP: 8/8
  3943 | D:4      | Found an opulent altar of Gozag.
  4199 | D:5      | Entered Level 5 of the Dungeon
  4262 | D:5      | Reached skill level 5 in Armour
  4520 | D:5      | Found Zyrum's General Store.
  4630 | D:5      | Noticed Eustachio
  4689 | D:5      | Killed Eustachio
  4722 | D:5      | Reached * piety under Okawaru
  4829 | D:5      | Reached skill level 7 in Shields
  5403 | D:6      | Noticed Prince Ribbit
  5428 | D:6      | HP: 3/65 [Prince Ribbit (6)]
  5431 | D:6      | Slain by Prince Ribbit

Skill      XL: |  1  2  3  4  5  6  7  8 |
---------------+-------------------------+-----
Shields        | 4 5 6 7 |  7.1
Armour         | 4 5 |  5.3
Fighting       | 4 5 6 |  6.6
Dodging        | 1 2 3 |  3.4
Axes           | 3 4 |  4.6
Stealth        | 1 |  1.1

Action                   |  1- 3 |  4- 6 |  7- 9 || total
-------------------------+-------+-------+-------++-------
Melee: War axe           |    68 |   175 |   283 ||   526
Invok: Heroism           |       |       |     1 ||     1
 Abil: Dig               |     1 |     3 |     2 ||     6
  Use: Potion            |     1 |     3 |     4 ||     8
       Scroll            |       |     3 |     7 ||    10
  Eat: Fruit             |     1 |     2 |       ||     3
       Beef jerky        |       |     1 |       ||     1
       Bread ration      |       |     1 |     2 ||     3
Armor: Scale mail        |    33 |    71 |   109 ||   213
Dodge: Dodged            |    30 |    70 |   122 ||   222
Block: Shield            |    40 |   119 |   180 ||   339
